 Seeded DCSS version 0.28-a0-1638-g9123634e07 (webtiles) character file.

Game seed: 20211226 (custom seed)

3557 muata the Fighter (level 9, -4/91 HPs)
             Began as a Minotaur Berserker on Jan 25, 2022.
             Was an Elder of Trog.
             Slain by a centaur (5 damage)
             ... in a bailey.
             The game lasted 00:17:49 (7785 turns).

muata the Fighter (Minotaur Berserker)              Turns: 7785, Time: 00:17:49

Health: -4/91      AC: 11    Str: 24    XL:     9   Next: 83%
Magic:  8/8        EV:  9    Int:  4    God:    Trog [****..]
Gold:   371        SH:  0    Dex: 18    Spells: 8/8 levels left

rFire   . . .      SeeInvis .   s - +7 dire flail (protect)
rCold   . . .      Faith    .   (shield currently unavailable)
rNeg    . . .      Spirit   .   d - +0 chain mail
rPois   .          Reflect  .   (helmet restricted)
rElec   .          Harm     .   (no cloak)
rCorr   .          Rampage  .   l - +2 pair of gloves
Will    .....                   (no boots)
Stlth   ..........              (no amulet)
HPRegen 0.25/turn               g - +6 ring of dexterity
MPRegen 0.11/turn               (no ring)

@: no status effects
A: horns 2, retaliatory headbutt
a: Renounce Religion, Berserk, Trog's Hand, Brothers in Arms


You were in a bailey.
You worshipped Trog.
Trog was greatly pleased with you.
You visited 1 branch of the dungeon, and saw 7 of its levels.
You also visited: Ossuary and Bailey.

You collected 371 gold pieces.

Inventory:

Hand Weapons
 a - a +0 hand axe
 o - a +6 dire flail
 s - a +7 dire flail of protection (weapon)
 G - a +1 battleaxe of freezing
Missiles
 m - 12 javelins (quivered)
 p - 5 throwing nets
Armour
 d - a +0 chain mail (worn)
 l - a +2 pair of gloves (worn)
Jewellery
 g - a +6 ring of dexterity (left hand)
Wands
 C - a wand of iceblast (7)
Scrolls
 b - 3 scrolls of fear
 c - 2 scrolls of blinking {unknown}
 j - a scroll of acquirement
 k - 2 scrolls of enchant armour
 q - 2 scrolls of teleportation
 v - 2 scrolls of noise {unknown}
 y - a scroll of summoning {unknown}
 A - a scroll of torment {unknown}
 B - a scroll of vulnerability {unknown}
 E - a scroll of immolation {unknown}
Potions
 e - a potion of berserk rage {unknown}
 f - a potion of flight {unknown}
 h - 2 potions of curing
 i - 5 potions of lignification
 n - 5 potions of heal wounds
 r - a potion of ambrosia {unknown}
 t - a potion of haste
 u - a potion of resistance {unknown}
 w - a potion of attraction {unknown}
 z - a potion of brilliance {unknown}
 D - 4 potions of mutation {unknown}
 F - a potion of degeneration {unknown}


   Skills:
 + Level 12.4 Fighting
 - Level 7.5(9.8) Axes
 + Level 9.9(11.0) Maces & Flails
 - Level 2.4 Armour
 - Level 2.1 Dodging


You had 8 spell levels left.
You didn't know any spells.
Your spell library was empty.

Dungeon Overview and Level Annotations

Branches:
Dungeon (7/15)             Temple (0/1) D:5         Ossuary (visited)
 Bailey (1/1)

Altars:
Cheibriados
Hepliaklqana
Nemelex Xobeh
Sif Muna
Zin
The Shining One


Innate Abilities, Weirdness & Mutations

You have a pair of horns on your head.
You reflexively headbutt those who attack you in melee.


Message History

The centaur hits you from afar with a +0 spear.
The centaur closely misses you.
The centaur throws a javelin.
The javelin pierces through you.
The centaur throws a javelin.
The javelin barely misses you.
The centaur hits you but does no damage.
An orc comes into view. It is wielding a +0 trident.
The centaur throws a javelin.
The javelin barely misses you.
The centaur throws a javelin.
The javelin completely misses you.
The centaur throws a javelin.
The javelin pierces through you.
An orc and an orc warrior come into view.
The orc warrior shouts!
You hear a shout! x2
The centaur throws a javelin.
The javelin pierces through you!
The centaur throws a javelin.
The javelin pierces through you!
The centaur throws a javelin.
The javelin pierces through you.
The centaur throws a javelin.
The javelin misses you.
A centaur comes into view. It is wielding a +0 trident.
The centaur shouts!
The centaur throws a javelin.
The javelin barely misses you.
The centaur throws a javelin.
The javelin pierces through you but does no damage.
The centaur throws a javelin.
The javelin pierces through you!
The centaur throws a javelin.
The javelin pierces through you but does no damage.
The centaur throws a javelin.
The javelin closely misses you.
The centaur throws a javelin.
The javelin pierces through you!
* * * LOW HITPOINT WARNING * * *
The centaur throws a javelin.
The javelin closely misses you.
The centaur throws a javelin.
The javelin pierces through you.
* * * LOW HITPOINT WARNING * * *
The centaur throws a javelin.
The javelin barely misses you.
The centaur throws a javelin.
The javelin closely misses you.
The centaur hits you from afar with a +0 spear!
* * * LOW HITPOINT WARNING * * *
The centaur throws a javelin.
The javelin pierces through you!
* * * LOW HITPOINT WARNING * * *
The centaur throws a javelin.
The javelin pierces through you.
* * * LOW HITPOINT WARNING * * *
The centaur hits you but does no damage.
The centaur hits you from afar with a +0 halberd.
You die...

≈.≈.....≈≈≈)≈o≈.....≈.
≈.≈....c≈≈≈?≈≈≈.....≈o
≈.≈.....≈≈≈≈≈≈≈.....≈.
≈.≈≈....≈≈o≈≈≈≈....≈≈.
≈≈.≈.....≈≈≈≈≈.....≈.≈
≈≈.≈≈.⌠..≈≈≈≈≈..⌠.≈≈.≈
≈≈≈.≈.....≈≈≈.....≈.≈≈
≈≈≈o≈≈≈.........≈≈≈.≈≈
≈≈≈≈..≈≈≈@....≈≈≈.c≈≈≈
≈≈≈≈≈≈cc≈#...#≈..≈≈≈≈≈
≈≈≈≈≈≈≈≈.#)..#.≈≈≈≈≈≈≈
#≈≈≈≈≈≈≈≈#...#≈≈≈≈≈≈≈≈
##≈≈≈≈≈≈≈#...#≈≈≈≈≈≈≈#
#########)''#########
##.......)...))..)...##
##..........)..)..).)..##
##.......⌠#######⌠.......##


You could see an orc warrior, 3 centaurs and an orc.

Vanquished Creatures
  Harold (D:7)
  2 steam dragons
  Edmund (D:5)
  6 orc warriors
  A sky beast (D:7)
  A black bear (D:6)
  A necrophage (D:6)
  2 ogres
  3 centaurs
  A kobold brigand (D:4)
  Blork the orc (D:4)
  A scorpion (D:5)
  2 water moccasin skeletons (D:4)
  5 wights (D:6)
  3 jellies
  A human zombie (Ossuary)
  3 hounds
  2 orc priests (D:4)
  5 iguanas
  2 orc wizards (D:6)
  4 mummies
  Robin (D:4)
  A howler monkey skeleton (D:7)
  7 adders
  2 white imps
  4 adder zombies (Ossuary)
  An adder skeleton (D:4)
  3 worms
  2 dart slugs
  30 orcs
  2 bats
  7 endoplasms
  4 giant cockroaches
  11 goblins
  11 hobgoblins
  14 kobolds
  8 quokkas
  5 ball pythons
  7 frilled lizards
  A goblin skeleton (D:4)
  2 goblin zombies (Ossuary)
  9 hobgoblin zombies
  2 kobold skeletons (D:4)
  3 kobold zombies
  2 orc zombies
  3 quokka zombies (Ossuary)
  5 rats
  3 rat zombies (Ossuary)
198 creatures vanquished.

Vanquished Creatures (collateral kills)
  A killer bee zombie (D:7)
  An orc (D:7)
  A goblin (D:7)
3 creatures vanquished.

Vanquished Creatures (others)
  2 orcs (Bailey)
  17 plants (D:4)
19 creatures vanquished.

Grand Total: 220 creatures vanquished

Notes
Turn   | Place    | Note
-------+----------+-------------------------------------------
     0 | D:1      | muata the Minotaur Berserker began the quest for the Orb.
     0 | D:1      | Reached XP level 1. HP: 19/19 MP: 0/0
   178 | D:1      | Reached skill level 4 in Fighting
   182 | D:1      | Reached XP level 2. HP: 9/27 MP: 1/1
   517 | D:1      | Found a faded altar of an unknown god.
  1174 | D:2      | Reached XP level 3. HP: 34/34 MP: 2/2
  1199 | D:2      | Reached ** piety under Trog
  2617 | D:3      | Reached XP level 4. HP: 41/41 MP: 3/3
  3013 | D:3      | Found a hazy altar of Hepliaklqana.
  3067 | D:3      | Found a glowing silver altar of Zin.
  3289 | D:4      | Reached skill level 5 in Fighting
  3291 | D:4      | Reached skill level 5 in Axes
  3353 | D:4      | Noticed Blork the orc
  3362 | D:4      | Killed Blork the orc
  3363 | D:4      | Reached XP level 5. HP: 50/50 MP: 4/4
  3504 | D:4      | Reached skill level 6 in Fighting
  3698 | D:4      | Found a glowing golden altar of the Shining One.
  3801 | D:4      | Noticed a steam dragon
  3815 | D:4      | Killed a steam dragon
  3816 | D:4      | Reached XP level 6. HP: 58/58 MP: 5/5
  3831 | D:4      | Reached *** piety under Trog
  3832 | D:4      | Reached skill level 7 in Fighting
  4003 | D:4      | Found a shimmering blue altar of Sif Muna.
  4038 | D:4      | Noticed Robin
  4050 | D:4      | Killed Robin
  4170 | D:4      | Reached XP level 7. HP: 53/66 MP: 6/6
  4507 | D:5      | Entered Level 5 of the Dungeon
  4561 | D:5      | Reached skill level 1 in Maces & Flails
  4625 | D:5      | Noticed Edmund
  4638 | D:5      | Killed Edmund
  4639 | D:5      | Reached skill level 8 in Fighting
  4892 | D:5      | Noticed a steam dragon
  4896 | D:5      | Killed a steam dragon
  4897 | D:5      | Reached skill level 9 in Fighting
  4897 | D:5      | Reached XP level 8. HP: 66/78 MP: 7/7
  4950 | D:5      | Found a staircase to the Ecumenical Temple.
  5179 | D:5      | Found a snail-covered altar of Cheibriados.
  5336 | D:6      | Reached skill level 5 in Maces & Flails
  5356 | D:6      | Found a sand-covered staircase.
  5361 | Ossuary  | Entered an ossuary
  5559 | Ossuary  | Reached **** piety under Trog
  5838 | D:6      | Reached skill level 10 in Fighting
  6203 | D:6      | Reached XP level 9. HP: 39/80 MP: 8/8
  6571 | D:6      | Found a sparkling altar of Nemelex Xobeh.
  6638 | D:6      | Identified a scroll of acquirement
  6871 | D:7      | Noticed Harold
  6882 | D:7      | Killed Harold
  6883 | D:7      | Reached skill level 11 in Fighting
  7213 | D:7      | Found a flagged portal.
  7223 | Bailey   | Entered a bailey
  7516 | Bailey   | Reached skill level 12 in Fighting
  7784 | Bailey   | HP: 1/91 [centaur/javelin (4)]
  7785 | Bailey   | Slain by a centaur

Illustrated notes

Levels and vault maps discovered:
D:1:      amcnicky_arrival_feature_with_door, layout_basic,
          hellmonk_ecumenical_altar_arch_garden, st_stairs_12, moated_statue
D:2:      layout_loops_corners, lemuel_flame_loot_1
D:3:      layout_basic, worldfamousw_hep_ancestral_shrine, zin_statuary,
          minmay_hedge_maze, kennysheep_big_empty_room, roderic_roman_lattice
D:4:      layout_basic, mainiacjoe_overflow_six_doors_small,
          nicolae_tso_besieged_by_evil, kennysheep_nub, serial_bayou_pond_c,
          lexackson_kobold_supper, uniq_blork_the_orc, uniq_robin
D:5:      layout_rooms, slow_altar_2, temple_doors_e, uniq_edmund
D:6:      layout_cave_pools, nemelex_spade_bored_becter, enter_ossuary_5,
          minmay_misc_feat_columns
D:7:      statuecave_lemuel, layout_basic, nicolae_overflow_hidden_temple,
          enter_bailey_4, kennysheep_small_square, uniq_harold
Bailey:   bailey_polearm_flooded_kennysheep, bailey

Skill      XL: |  1  2  3  4  5  6  7  8  9 |
---------------+----------------------------+-----
Fighting       | 4 5 6 7 9 10 12 | 12.4
Axes           | 4 5 6 7 |  7.5
Maces & Flails | 4 7 9 |  9.9
Armour         | |  2.4
Dodging        | |  2.1

Action                   |  1- 3 |  4- 6 |  7- 9 || total
-------------------------+-------+-------+-------++-------
Melee: Hand axe          |   101 |   123 |    14 ||   238
       Punch             |     1 |     3 |       ||     4
       Headbutt          |    11 |    14 |    35 ||    60
       Dire flail        |       |       |   195 ||   195
Invok: Berserk           |     1 |     2 |     4 ||     7
       Trog's Hand       |       |     1 |       ||     1
       Brothers in Arms  |       |       |     1 ||     1
  Use: Scroll            |       |       |    10 ||    10
Armor: Animal skin       |    12 |       |       ||    12
       Chain mail        |    31 |    83 |   161 ||   275
Dodge: Dodged            |    48 |    50 |   145 ||   243

Table legend: (Time is in decaauts)
 A = Elapsed time spent in this place.
 B = Non-inter-level travel time spent in this place.
 C = Inter-level travel time spent in this place.
 D = Time resting spent in this place.
 E = Time spent auto-exploring this place.
 F = Levels seen in this place.
 G = Mean time per level.
                   A        B        C        D        E       F      G
               +--------+--------+--------+--------+--------+-----+--------+
         Total |   7846 |   7597 |    249 |   1572 |   4346 |   9 |  871.8 |
       Dungeon |   6981 |   6732 |    249 |   1269 |   4144 |   7 |  997.3 |
       Ossuary |    301 |    301 |      0 |    146 |      0 |   1 |  301.0 |
        Bailey |    564 |    564 |      0 |    156 |    202 |   1 |  564.0 |
               +--------+--------+--------+--------+--------+-----+--------+

Top non-repeatable levels by time:
     D:2: 1250 daAuts
     D:4: 1241 daAuts
     D:1: 1167 daAuts
     D:6: 1074 daAuts
     D:3: 885 daAuts
     D:5: 802 daAuts
  Bailey: 564 daAuts
     D:7: 559 daAuts
 Ossuary: 301 daAuts
